 Dungeon Crawl Stone Soup version 0.25-a0-927-g39f137c8b7 (webtiles) character file.

Game seed: 304209538629033065, levelgen mode: deterministic

771845 Maedhros the Earth Mage (level 27, -4/217 HPs)
             Began as an Octopode Artificer on May 2, 2020.
             Was a High Priest of Cheibriados.
             Killed from afar by a Tzitzimitl (48 damage)
             ... with a bolt of cold
             ... in Pandemonium on May 3, 2020.
             The game lasted 03:49:11 (36902 turns).

Maedhros the Earth Mage (Octopode Artificer)       Turns: 36902, Time: 03:49:12

Health: -4/217     AC: 35    Str: 39    XL:     27
Magic:  1/46       EV: 39    Int: 43    God:    Cheibriados [*****.]
Gold:   2144       SH: 33    Dex: 40    Spells: 4/65 levels left

rFire    + . .     SeeInvis +     - Unarmed
rCold    . . .     Gourm    .   J - +6 tower shield {reflect}
rNeg     + + +     Faith    .   W - +2 hood of the Assassin {Detection Stab+ Stlth++}
rPois    ∞         Spirit   .   m - amulet of regeneration
rElec    +         Reflect  +   A - +4 ring of evasion
rCorr    .         Harm     .   I - ring of protection from fire
MR       ++++.                  g - ring of Viet {rPois rN+ Str+6 Int+4}
Stlth    +++++++++.             G - +4 ring of evasion
HPRegen  0.86/turn              a - ring of Giuts {rN+ MR+ Int+3 Dex+2}
MPRegen  0.30/turn              Q - ring of Pepp {rPois rN+ MR+ Str+6 Int+2}
                                e - ring of the Clam {+Fly Int+3 SInv}
                                (no ring)

@: statue-form, slowed, studying Unarmed Combat, very slow
A: almost no armour, stealthy swim, amphibious, 8 rings, constrict 8, camouflage
1, agile 2, deterioration 1, frail 1, screaming 1
}: 5/15 runes: serpentine, barnacled, slimy, silver, abyssal
a: End Transformation, Bend Time, Temporal Distortion, Slouch, Step From Time,
Renounce Religion, Evoke Flight


You were in Pandemonium.
You worshipped Cheibriados.
Cheibriados was extremely pleased with you.
You were very hungry.
You were a stone statue.
You visited 13 branches of the dungeon, and saw 60 of its levels.
You visited Pandemonium 2 times, and saw 5 of its levels.
You visited the Abyss 1 time.
You visited 1 bazaar.
You also visited: Trove and Ice Cave.

You collected 8159 gold pieces.
You spent 6015 gold pieces at shops.

Inventory:

Missiles
 o - 18 silver javelins (quivered)
 R - 26 javelins
Armour
 i - the +2 buckler of the Morning Star {Regen+ Str+4 Int+4 Dex-4}
   (You found it on level 3 of the Depths)

   It affects your strength (+4).
   It affects your intelligence (+4).
   It affects your dexterity (-4).
   It increases your rate of regeneration.
 J - a +6 tower shield of reflection (worn)
 N - the +3 crown of Dyrovepreva {rElec Int+2 SInv}
   (You found it on level 3 of the Elven Halls)

   It affects your intelligence (+2).
   It insulates you from electricity.
   It lets you see invisible.
 W - the +2 hood of the Assassin (worn) {Detection Stab+ Stlth++}
   (You bought it in a shop on level 2 of the Orcish Mines)

   It makes you much more stealthy.
Magical Staves
 S - an uncursed staff of energy
Jewellery
 a - the ring of Giuts (on tentacle) {rN+ MR+ Int+3 Dex+2}
   (You took it off a mummy priest on level 3 of the Crypt)

   [ring of positive energy]

   It affects your intelligence (+3).
   It affects your dexterity (+2).
   It protects you from negative energy.
   It affects your resistance to hostile enchantments.
 e - the ring of the Clam (on tentacle) {+Fly Int+3 SInv}
   (You took it off a black draconian on level 5 of the Realm of Zot)

   [ring of flight]

   It affects your intelligence (+3).
   It lets you see invisible.
   It lets you fly.
 g - the ring of Viet (on tentacle) {rPois rN+ Str+6 Int+4}
   (You found it on level 3 of the Crypt)

   [ring of positive energy]

   It affects your strength (+6).
   It affects your intelligence (+4).
   It protects you from poison.
   It protects you from negative energy.
 k - a +5 ring of intelligence
 m - an amulet of regeneration (around mantle)
 n - an uncursed ring of ice
 v - an uncursed ring of protection from fire
 A - a +4 ring of evasion (left tentacle)
 G - a +4 ring of evasion (on tentacle)
 I - a ring of protection from fire (right tentacle)
 L - an uncursed amulet of magic regeneration
 Q - the ring of Pepp (on tentacle) {rPois rN+ MR+ Str+6 Int+2}
   (You took it off a skeletal warrior on level 3 of the Crypt)

   [ring of positive energy]

   It affects your strength (+6).
   It affects your intelligence (+2).
   It protects you from poison.
   It protects you from negative energy.
   It affects your resistance to hostile enchantments.
 T - an uncursed ring of ice
 V - an uncursed ring of protection from fire
 Y - an uncursed ring of magical power
Wands
 b - a wand of iceblast (52)
 c - a wand of clouds (17)
 x - a wand of digging (34)
 y - a wand of scattershot (13)
 O - a wand of acid (27)
Scrolls
 d - 3 scrolls of amnesia
 h - 5 scrolls of fog
 p - 2 scrolls of summoning
 t - a scroll of remove curse
 w - 4 scrolls of blinking
 z - 13 scrolls of magic mapping
 E - 3 scrolls of fear
 M - 17 scrolls of identify
 P - 20 scrolls of teleportation
Potions
 j - 6 potions of resistance
 u - 11 potions of curing
 B - 6 potions of might
 D - 3 potions of flight
 H - 5 potions of magic
 K - 3 potions of cancellation
 U - 8 potions of ambrosia
 X - 6 potions of heal wounds
 Z - 4 potions of invisibility
Books
 q - a manual of Unarmed Combat
Miscellaneous
 l - a phial of floods
 r - 5 phantom mirrors
 s - 5 tins of tremorstones
 C - 7 boxes of beasts
Comestibles
 f - 46 rations


   Skills:
 - Level 15.0 Fighting
   Level 1.0 Short Blades
 - Level 15.0 Dodging
 - Level 9.5 Stealth
 + Level 17.6 Shields
 - Level 20.0 Unarmed Combat
 - Level 19.8 Spellcasting
 - Level 15.1 Summonings
 - Level 11.0 Necromancy
 - Level 16.0 Translocations
 - Level 12.6 Transmutations
 - Level 5.1 Air Magic
 - Level 20.1 Earth Magic
   Level 9.4 Poison Magic
 - Level 12.3 Invocations
 - Level 15.0 Evocations


You had 4 spell levels left.
You knew the following spells:

 Your Spells              Type           Power        Failure   Level  Hunger
a - Aura of Abjuration    Summ           ########..   1%          5    None
b - Statue Form           Tmut/Erth      ########.    1%          6    None
c - Summon Lightning Spi  Summ/Air       #######.     1%          4    None
d - Blink                 Tloc           N/A          0%          2    None
e - Apportation           Tloc           ######       0%          1    None
f - Leda's Liquefaction   Hex/Erth       #######...   1%          4    None
g - Controlled Blink      Tloc           N/A          13%         8    None
h - Shatter               Erth           ########..   34%         9    ####...
i - Summon Forest         Summ/Tloc      ########..   1%          5    None
j - Summon Mana Viper     Hex/Summ       #######.     1%          5    None
k - Passwall              Tmut/Erth      ########     0%          2    None
l - Gell's Gravitas       Tloc           ########..   0%          3    None
m - Haunt                 Necr/Summ      ########..   5%          7    None

Your spell library contained the following spells:

 Spells                   Type           Power        Failure   Level  Hunger
 Animate Skeleton         Necr           N/A          0%          1    None
 Pain                     Necr           ####         0%          1    None
 Sandblast                Erth           ######       0%          1    None
 Sting                    Tmut/Pois      ####         0%          1    None
 Summon Butterflies       Summ           ########     0%          1    None
 Summon Small Mammal      Summ           ####         0%          1    None
 Call Imp                 Summ           ########     0%          2    None
 Call Canine Familiar     Summ           ########     0%          3    None
 Lesser Beckoning         Tloc           ########..   0%          3    None
 Recall                   Summ/Tloc      N/A          0%          3    None
 Petrify                  Tmut/Erth      ########     0%          4    None
 Corona                   Hex            #####..      1%          1    None
 Freeze                   Ice            ####         1%          1    None
 Magic Dart               Conj           ####         1%          1    None
 Shock                    Conj/Air       ####         1%          1    None
 Corpse Rot               Necr/Air       N/A          1%          2    None
 Poisonous Vapours        Pois/Air       ######       1%          2    None
 Searing Ray              Conj           #####.       1%          2    None
 Slow                     Hex            #####...     1%          2    None
 Swiftness                Chrm/Air       ######..     1%          2    None
 Ignite Poison            Fire/Tmut/Pois #######.     1%          3    None
 Mephitic Cloud           Conj/Pois/Air  ######..     1%          3    None
 Portal Projectile        Hex/Tloc       ######       1%          3    None
 Static Discharge         Conj/Air       ######..     1%          3    None
 Stone Arrow              Conj/Erth      ######       1%          3    None
 Summon Guardian Golem    Hex/Summ       #######.     1%          3    None
 Vampiric Draining        Necr           #######...   1%          3    None
 Animate Dead             Necr           N/A          1%          4    None
 Iskenderun's Mystic Bla  Conj/Tloc      #######.     1%          4    None
 Olgreb's Toxic Radiance  Pois           #######.     1%          4    None
 Passage of Golubria      Tloc           N/A          1%          4    None
 Summon Ice Beast         Ice/Summ       #######.     1%          4    None
 Conjure Flame            Conj/Fire      #####...     4%          3    None
 Dazzling Flash           Conj/Hex       #####.       4%          3    None
 Frozen Ramparts          Ice            #####.       4%          3    None
 Inner Flame              Hex/Fire       #####...     4%          3    None
 Ozocubu's Armour         Chrm/Ice       #####...     4%          3    None
 Spectral Weapon          Hex/Chrm       #####...     4%          3    None
 Tukima's Dance           Hex            #####...     4%          3    None
 Cause Fear               Hex            #####.....   14%         4    None
 Fulminant Prism          Conj/Hex       #####.....   14%         4    None
 Hailstorm                Conj/Ice       #####...     14%         4    None
 Lee's Rapid Deconstruct  Erth           ########..   0%          5    None
 Agony                    Necr           #######.     1%          5    None
 Alistair's Intoxication  Tmut/Pois      #######.     1%          5    None
 Borgnjor's Vile Clutch   Necr/Erth      ########..   1%          5    None
 Summon Demon             Summ           ########..   1%          5    None
 Dispersal                Tloc           ########..   1%          6    None
 Hydra Form               Tmut           ########..   1%          6    None
 Shadow Creatures         Summ           N/A          1%          6    None
 Bolt of Magma            Conj/Fire/Erth #######...   2%          5    None
 Irradiate                Conj/Tmut      #######...   2%          5    None
 Yara's Violent Unravell  Hex/Tmut       #######...   2%          5    None
 Death Channel            Necr           #######...   2%          6    None
 Iron Shot                Conj/Erth      #######...   3%          6    None
 Excruciating Wounds      Chrm/Necr      ######....   4%          5    None
 Dragon Form              Tmut           ########..   6%          7    None
 Lightning Bolt           Conj/Air       ######....   13%         5    None
 Silence                  Hex/Air        ######....   13%         5    None
 Disjunction              Tloc           ########..   13%         8    None
 Simulacrum               Ice/Necr       ######....   22%         6    None
 Fireball                 Conj/Fire      #####.....   36%         5    None
 Metabolic Englaciation   Hex/Ice        #####.....   36%         5    None
 Necromutation            Tmut/Necr      #######...   56%         8    None
 Borgnjor's Revivificati  Necr           #######...   69%         8    None
 Infestation              Necr           #######...   69%         8    None
 Lehudib's Crystal Spear  Conj/Erth      #######...   82%         8    None
 Darkness                 Hex            #####.....   91%         6    None
 Invisibility             Hex            #####...     91%         6    None
 Starburst                Conj/Fire      #####.....   91%         6    None
 Ring of Flames           Chrm/Fire      #####.....   100%        7    None
 Chain Lightning          Conj/Air       ######....   100%        8    None
 Death's Door             Chrm/Necr      ######....   100%        8    None
 Discord                  Hex            #####.....   100%        8    None
 Ignition                 Fire           #####.....   100%        8    None
 Absolute Zero            Ice            #####.....   100%        9    ####...
 Fire Storm               Conj/Fire      #####.....   100%        9    ####...
 Tornado                  Air            ######....   100%        9    ####...


Dungeon Overview and Level Annotations

Branches:
Dungeon (15/15)            Temple (1/1) D:4            Lair (6/6) D:9
 Shoals (4/4) Lair:4        Snake (4/4) Lair:3        Slime (5/5) Lair:6
    Orc (2/2) D:11            Elf (3/3) Orc:2        Vaults (5/5) D:14
  Crypt (3/3) Vaults:2       Tomb (2/3) Crypt:3      Depths (5/5) D:15
    Zot (5/5) Depths:5      IceCv (visited)

Altars:
Ashenzari
Cheibriados
Dithmenos
Elyvilon
Fedhas
Gozag
Hepliaklqana
Kikubaaqudgha
Makhleb
Nemelex Xobeh
Okawaru
Ru
Trog
Vehumet
Wu Jian
Xom
Yredelemnul
Zin
The Shining One
Jiyva
Lugonu

Shops:
D:12 :   D:14 (   Orc:2 !}[[   Elf:1 *   Shoals:2 ?   Snake:1 =}}   Depths:2 %

Portals:
Hell: Depths:2 Depths:3 Depths:4 Depths:5
Abyss: Depths:4 Depths:5
Pandemonium: Depths:2 Depths:3

Annotations:
D:12 1 transporter, EWolf27's ghost, journeyman GrEE
D:15 3 runed translucent doors, Lomaesku's ghost, journeyman GrEE
Lair:4 1 runed translucent door, Nr616's ghost, journeyman GnSk
Tomb:2 Boris
Depths:4 3 runed translucent doors
Zot:3 1 runed translucent door, Pedir's ghost, legendary MfGl


Innate Abilities, Weirdness & Mutations

You cannot wear most types of armour.
You are very stealthy in the water. (Stealth+)
You are amphibious.
You can wear up to eight rings at the same time.
You can use your tentacles to constrict eight enemies at once.
Your skin changes colour to match your surroundings (Stealth+).
((Your rubbery body absorbs attacks. (AC +1, EV +1)))
((You are partially covered in thin metallic scales. (AC +2)))
You are very agile. (Dex +4)
Your body sometimes deteriorates upon taking damage.
You are frail. (-10% HP)
You occasionally shout uncontrollably at your foes.


Message History

Your squeeze misses the Tzitzimitl.
The Tzitzimitl is severely wounded.
The Tzitzimitl gestures at you.
The bolt of cold hits the Tzitzimitl!
The Tzitzimitl resists.
The bolt of cold misses you. The smoke demon gestures at you.
Something smites you!
* * * LOW HITPOINT WARNING * * *
The Tzitzimitl gestures at you. The bolt of cold misses you.
The Tzitzimitl calls on the powers of darkness!
Your body is wracked with pain!
* * * LOW HITPOINT WARNING * * *
Unknown command.
Unknown command.
You feel much better. You block the Tzitzimitl's attack. x2
A ynoxinul comes into view.
The Tzitzimitl gestures at you. The bolt of cold hits you!!!
You die...

.### ....# ##.3##
....# #
.##.//##...##..
......)#.....
......###..#
.......3#..#
..33..#1#..#
.....{.#1..#
....{{{#8..#####.
...3{..#.........
..66..[#....#####
..33.1.#.....##
.......#......#
.∩1....#......# {
#......#
{#....?## {
#....##


You could see 2 Tzitzimimeh and 2 ynoxinuls.

Vanquished Creatures
  the Royal Jelly (Slime:5)
  3 orbs of fire
  The ghost of Jeowk the Conqueror, a legendary MiCK of Xom (Zot:1)
  9 ancient liches
  2 juggernauts
  2 pandemonium lords (Pan)
  13 greater mummies
  Boris (Vaults:4)
  Sojobo (Depths:5)
  Xtahua (Vaults:5)
  Saint Roka (Vaults:1)
  Frederick (Depths:5)
  A curse toe (Zot:4)
  10 caustic shrikes
  5 Killer Klowns
  The ghost of Xousouc the Eclecticist, a veteran GnWz of Ashenzari (Depths:4)
  A profane servitor (Crypt:3)
  Jory (Vaults:5)
  10 golden dragons
  A bone dragon (Depths:5)
  An electric golem (Zot:5)
  3 hellephants
  3 Tzitzimimeh (Pan)
  Jorgrun (Orc:2)
  18 tentacled monstrosities
  10 quicksilver dragons
  8 liches
  22 Orb Guardians (Zot:5)
  4 titans
  2 deep elf blademasters (Elf:3)
  A deep elf master archer (Elf:3)
  12 acid blobs
  Asterion (Snake:1)
  8 sphinxes
  8 death cobs
  Frances (Elf:1)
  10 ancient champions
  3 Executioners (Pan)
  7 tentacled starspawn
  A kraken (Shoals:4)
  12 shadow dragons
  Kirke (Shoals:4)
  7 draconian monks
  13 storm dragons
  7 revenants
  Roxanne (Shoals:3)
  9 azure jellies
  14 nagarajas
  6 tengu reavers
  7 deep elf sorcerers
  8 draconian scorchers
  12 fire giants
  16 frost giants
  2 draconian knights
  3 cacodemons (Pan)
  Aizul (Elf:1)
  2 ghost moths
  3 corrupters (Pan)
  3 warmongers (Pan)
  A spectral caustic shrike (Depths:4)
  10 vault wardens
  4 balrugs (Pan)
  2 iron dragons
  6 draconian annihilators
  3 draconian shifters
  4 deep elf elementalists
  A juggernaut skeleton (Depths:3)
  3 spectral juggernauts (Depths:4)
  4 spriggan defenders
  Louise (Depths:5)
  A curse skull (Crypt:3)
  3 draconian stormcallers
  23 very ugly things
  2 ghouls (Crypt:2)
  9 ironheart preservers
  4 reapers
  5 vampire knights
  4 war gargoyles (Vaults:5)
  A blood saint (Pan)
  15 stone giants
  An entropy weaver (Vaults:4)
  6 bennus
  47 starcursed masses
  Nessos (Orc:2)
  4 black draconians
  11 deep elf annihilators
  5 deep elf demonologists
  2 dire elephants
  3 black suns (Pan)
  3 lorocyprocas (Pan)
  12 green draconians
  18 purple draconians
  9 red draconians
  8 white draconians
  8 yellow draconians
  2 eidola (Crypt:2)
  15 spark wasps
  An ettin (shapeshifter) (Elf:1)
  17 ettins
  18 jiangshi
  10 death oozes
  11 mummy priests
  3 merfolk javelineers
  4 green deaths (Pan)
  8 deep elf death magi
  5 blizzard demons (Pan)
  5 deep elf high priests
  11 merfolk impalers
  12 fire dragons
  A quicksilver dragon zombie (Crypt:1)
  19 naga warriors
  11 ice dragons
  9 yaktaur captains
  4 great orbs of eyes
  8 rakshasas
  5 hydras
  32 vault guards
  4 anacondas
  6 spriggan air magi
  5 death knights
  3 alligator snapping turtles
  A monstrous demonspawn (Pan)
  3 merfolk aquamancers
  5 centaur warriors
  10 vampire magi
  5 merfolk avatars
  7 tengu warriors
  13 dancing weapons
  17 ogre magi
  49 two-headed ogres
  2 satyrs
  9 death scarabs (Tomb:1)
  9 deep troll shamans
  2 titan zombies
  17 small abominations
  9 deep troll earth magi
  2 orc high priests (Orc:1)
  17 naga sharpshooters (Snake:4)
  3 death yaks (Lair:6)
  5 spriggan berserkers
  2 thrashing horrors
  3 storm dragon zombies
  A titan skeleton (Crypt:3)
  8 soul eaters
  10 deep elf knights
  3 shock serpents
  22 skeletal warriors
  15 sun demons (Pan)
  5 shadow wraiths
  3 iron trolls
  A salamander mystic (Snake:4)
  3 anaconda zombies
  20 large abominations
  5 sixfirhies
  3 glowing orange brains
  5 naga ritualists
  A quicksilver dragon simulacrum (Crypt:1)
  An infernal demonspawn (Depths:2)
  12 ironbrand convokers
  An unseen horror (Vaults:1)
  36 deep trolls
  4 torturous demonspawn (Pan)
  2 wizards
  5 sea snakes
  4 flayed ghosts
  4 gelid demonspawn (Pan)
  3 shadow demons
  6 phantasmal warriors
  10 deep elf archers
  A lindwurm (shapeshifter) (Elf:2)
  10 harpies
  10 orc knights
  A sphinx zombie (Crypt:2)
  14 necromancers
  3 orc sorcerers
  An orb spider (Abyss:3)
  An orb spider (shapeshifter) (Vaults:1)
  11 manticores
  2 wolf spider zombies
  42 deep elf magi
  3 frost giant zombies
  A faun (shapeshifter) (Abyss:1)
  A shining eye (shapeshifter) (Vaults:5)
  23 moths of wrath
  24 ugly things
  5 mana vipers
  2 shining eyes
  15 elephants
  10 fauns
  A human zombie (Vaults:4)
  2 stone giant zombies
  3 wolf spiders
  6 salamanders
  2 fire giant zombies
  2 iron dragon skeletons
  2 worldbinders (Abyss:3)
  2 shadow dragon skeletons
  5 cyclopes
  8 guardian serpents
  A fire giant skeleton (Crypt:3)
  33 black mambas
  2 centaur zombies
  15 naga magi
  An ice statue (IceCv)
  A spriggan zombie (Depths:3)
  A rust devil (Pan)
  6 merfolk sirens
  4 molten gargoyles (Elf:2)
  14 vault sentinels
  A spectral elf (Depths:4)
  2 eyes of devastation
  6 water nymphs
  3 orange demons
  A stone giant skeleton (Vaults:4)
  A storm dragon simulacrum (Depths:4)
  2 torpor snails (Lair:6)
  A dire elephant skeleton (Crypt:1)
  8 smoke demons
  4 nameless horrors
  12 spiny frogs
  4 rime drakes (Lair:6)
  8 freezing wraiths
  4 komodo dragons
  2 rime drakes (shapeshifter)
  4 kobold demonologists
  28 yaktaurs
  5 hellwings
  2 ancient zymes (Abyss:3)
  3 demonic crawlers (Pan)
  A redback zombie (D:15)
  12 trolls
  7 ice devils
  A swamp worm zombie (Crypt:3)
  6 red devils (Pan)
  4 golden dragon simulacra
  A queen bee (D:12)
  A spectral glowing shapeshifter (Depths:4)
  27 merfolk
  5 guardian mummies
  4 meliai
  2 wind drakes
  4 tengu conjurers
  A wolf spider simulacrum (Crypt:1)
  A troll (shapeshifter) (Elf:1)
  A tengu simulacrum (Depths:4)
  A meliai (shapeshifter) (Vaults:5)
  11 hornets
  A queen ant zombie (Crypt:1)
  2 polar bears (Lair:6)
  9 raiju
  A bog body (Crypt:2)
  13 blink frogs
  A merfolk (shapeshifter) (Depths:4)
  4 dream sheep
  A blink frog (shapeshifter) (Vaults:3)
  4 hippogriffs
  57 slime creatures
  A hydra skeleton (Crypt:2)
  A dream sheep (shapeshifter) (Vaults:5)
  2 fire giant simulacra (Crypt:1)
  6 snapping turtles
  2 fire dragon skeletons
  3 spriggans (Depths:3)
  8 ynoxinuls
  3 fire dragon zombies
  A redback (Vaults:4)
  3 flying skulls (Crypt:1)
  A guardian serpent skeleton (Crypt:2)
  6 shadows
  An ettin skeleton (D:15)
  A spriggan (shapeshifter) (Depths:2)
  33 yaks
  An air elemental (Elf:2)
  A tarantella (shapeshifter) (D:14)
  6 ushabtiu
  18 water elementals
  4 fire bats (Abyss:3)
  Grum (D:10)
  4 basilisks
  4 golden eyes
  A human (Zot:3)
  6 chaos spawn (Abyss:3)
  A vampire (D:13)
  5 wyverns
  A fire elemental (Elf:1)
  8 wraiths
  A steam dragon (D:12)
  A hungry ghost (D:14)
  4 neqoxecs
  A yaktaur simulacrum (Vaults:4)
  3 vampire mosquitoes (D:12)
  9 wargs
  2 insubstantial wisps (D:12)
  60 nagas
  2 soldier ants (D:12)
  2 acid dragons
  A deep troll zombie (Crypt:3)
  4 porcupines
  10 water moccasins
  A faun skeleton (Crypt:1)
  A human skeleton (Depths:2)
  A swamp drake (D:11)
  34 orc warriors
  4 ice beasts
  2 black bears
  9 sky beasts
  A sky beast (shapeshifter) (Depths:3)
  4 eyes of draining
  4 phantoms
  2 necrophages
  10 centaurs
  3 boggarts (Depths:2)
  11 wolves
  62 ogres
  12 crocodiles
  A lindwurm skeleton (Crypt:2)
  A big kobold (shapeshifter) (Vaults:5)
  2 big kobolds (D:13)
  3 elf zombies
  10 bullfrogs
  A wyvern zombie (D:10)
  An earth elemental (Elf:2)
  A bullfrog (shapeshifter) (Vaults:5)
  4 scorpions
  6 killer bees (D:12)
  A queen bee zombie (Crypt:2)
  A snapping turtle simulacrum (Tomb:1)
  18 wights
  A human simulacrum (Vaults:2)
  3 electric eels (Snake:1)
  A howler monkey (D:12)
  11 crimson imps
  A draconian simulacrum (IceCv)
  A gnoll shaman (Orc:1)
  4 hounds
  2 quasits
  2 jellies
  13 orc priests
  23 orc wizards
  4 centaur skeletons
  2 iron imps (Abyss:3)
  2 bullfrog skeletons
  3 iguanas
  A porcupine zombie (Crypt:1)
  14 worker ants
  A killer bee zombie (D:9)
  2 centaur simulacra (IceCv)
  A crocodile zombie (Crypt:1)
  A naga skeleton (Crypt:1)
  A naga zombie (Crypt:2)
  A tengu skeleton (Crypt:2)
  A hound skeleton (D:10)
  2 mummies (Tomb:1)
  2 worker ant zombies
  13 gnolls
  4 naga simulacra (IceCv)
  3 ogre simulacra (IceCv)
  9 adders
  A howler monkey skeleton (D:6)
  A swamp drake skeleton (Crypt:2)
  2 shadow imps (D:14)
  2 white imps
  An ufetubus (Vaults:2)
  4 adder skeletons
  5 worms
  3 leopard geckos
  72 orcs
  5 giant cockroaches
  7 goblins
  9 hobgoblins
  5 jackals
  7 quokkas
  2 ball pythons (Snake:3)
  6 bats
  6 frilled lizards
  A frilled lizard skeleton (Crypt:3)
  A giant cockroach zombie (D:5)
  A hobgoblin skeleton (Crypt:3)
  20 kobolds
  A kobold skeleton (Crypt:3)
  A leopard gecko skeleton (D:8)
  A leopard gecko zombie (D:5)
  3 quokka skeletons
  12 rats
  10 crawling corpses (Vaults:5)
  2 fungi
  3 plants
  4 starspawn tentacles (Abyss:2)
  4 tentacles
  2 withered plants (Crypt:3)
2525 creatures vanquished.

Vanquished Creatures (collateral kills)
  3 Orb Guardians (Zot:5)
  2 acid blobs
  A draconian stormcaller (Depths:5)
  A stone giant (Depths:3)
  A very ugly thing (Depths:3)
  2 draconian annihilators (Zot:5)
  A yellow draconian (Zot:5)
  3 ettins
  2 ogre magi
  2 great orbs of eyes (Slime:4)
  A spriggan air mage (Depths:5)
  2 naga warriors (Snake:4)
  2 death scarabs (Tomb:1)
  A deep troll earth mage (Depths:3)
  3 naga sharpshooters (Snake:4)
  A salamander mystic (Snake:4)
  2 deep trolls (Depths:3)
  A deep elf archer (Vaults:3)
  An ironbrand convoker (Vaults:3)
  6 slime creatures
  A deep elf mage (D:10)
  4 shining eyes
  2 ugly things
  A salamander (Snake:4)
  A smoke demon (Pan)
  A black mamba (Snake:4)
  An orange demon (Pan)
  3 yaktaurs
  A freezing wraith (D:13)
  3 ice devils (IceCv)
  A hippogriff (Lair:1)
  A golden eye (Slime:5)
  A neqoxec (Abyss:3)
  A basilisk (Lair:4)
  A chaos spawn (Abyss:3)
  9 nagas (Snake:4)
  A water moccasin (Lair:4)
  3 eyes of draining
  A wolf (Lair:4)
  2 orc priests
  3 orc wizards
  An iguana (D:10)
  A worker ant (D:4)
  A gnoll (D:3)
  5 orcs
  A quokka (D:3)
  A leopard gecko skeleton (D:5)
90 creatures vanquished.

Vanquished Creatures (others)
  Nikola (Depths:1)
  A deep elf master archer (Elf:3)
  A nagaraja (Snake:4)
  A red draconian (Depths:5)
  An ettin (Vaults:4)
  2 centaur warriors
  A two-headed ogre (Depths:2)
  3 satyrs
  A naga sharpshooter (Snake:4)
  A vampire mage (Depths:3)
  A deep elf knight (Elf:1)
  An ironbrand convoker (Vaults:4)
  A cyclops (Shoals:4)
  A deep elf mage (Elf:2)
  3 fauns (Shoals:1)
  A troll (D:10)
  6 yaktaurs
  3 humans (Shoals:4)
  2 chaos spawn (Abyss:3)
  A floating eye (Depths:3)
  A centaur (Depths:4)
  An ogre (D:14)
  A hound (D:5)
  A jelly (D:9)
  An adder (Snake:3)
  5 fungi
  19 plants
  13 snaplasher vines
  10 starspawn tentacles
  11 tentacles
  3 withered plants (D:15)
99 creatures vanquished.

Grand Total: 2714 creatures vanquished

Notes
Turn   | Place    | Note
-------+----------+-------------------------------------------
     0 | D:1      | Maedhros the Octopode Artificer began the quest for the
                  | Orb.
     0 | D:1      | Reached XP level 1. HP: 13/13 MP: 3/3
   423 | D:2      | Reached XP level 2. HP: 5/18 MP: 4/4
   659 | D:3      | Reached skill level 1 in Unarmed Combat
   659 | D:3      | Reached XP level 3. HP: 17/23 MP: 5/5
   743 | D:3      | Found a shadowy altar of Dithmenos.
   960 | D:3      | Found a shattered altar of Ashenzari.
  1010 | D:3      | HP: 1/23 [something (5)]
  1013 | D:3      | Reached XP level 4. HP: 1/28 MP: 6/6
  1262 | D:4      | Reached XP level 5. HP: 17/33 MP: 7/7
  1328 | D:5      | Entered Level 5 of the Dungeon
  1546 | D:5      | Noticed an ogre
  1564 | D:5      | Killed an ogre
  1564 | D:5      | Reached skill level 5 in Unarmed Combat
  1564 | D:5      | Reached XP level 6. HP: 14/38 MP: 8/8
  1652 | D:5      | Noticed an ice beast
  1655 | D:5      | Killed an ice beast
  1935 | D:4      | Reached XP level 7. HP: 28/43 MP: 9/9
  2363 | D:5      | Found a sparkling altar of Nemelex Xobeh.
  2516 | D:6      | Found a white marble altar of Elyvilon.
  2516 | D:6      | Found a blossoming altar of Fedhas.
  2517 | D:6      | Found a bloodstained altar of Trog.
  2620 | D:6      | Reached XP level 8. HP: 34/48 MP: 10/10
  4014 | D:4      | Reached skill level 10 in Unarmed Combat
  4099 | D:4      | Found a staircase to the Ecumenical Temple.
  4128 | Temple   | Entered the Ecumenical Temple
  4217 | Temple   | Became a worshipper of Xom the Less-Predictable
  4227 | Temple   | Fell from the grace of Xom
  4227 | Temple   | Became a worshipper of Cheibriados the Contemplative
  4689 | D:2      | Reached * piety under Cheibriados
  4934 | D:3      | XOM: repel stairs
  5021 | D:3      | XOM: give mutation
  5021 | D:3      | Gained mutation: Your body sometimes deteriorates upon
                  | taking damage. [Xom's mischief]
  5169 | D:8      | Reached XP level 9. HP: 55/55 MP: 11/11
  5178 | D:8      | Noticed a troll
  5189 | D:8      | Killed a troll
  5238 | D:8      | XOM: polymorph adder -> worker ant
  5242 | D:8      | Reached ** piety under Cheibriados
  5359 | D:8      | Reached skill level 1 in Invocations
  5427 | D:8      | XOM: summons 7 hostile demons
  5495 | D:8      | Reached skill level 5 in Dodging
  5631 | D:9      | Noticed an elephant
  5660 | D:9      | Noticed a two-headed ogre
  5836 | D:9      | Found a radiant altar of Vehumet.
  5836 | D:9      | Found an opulent altar of Gozag.
  5849 | D:9      | Reached skill level 5 in Fighting
  5971 | D:9      | Reached *** piety under Cheibriados
  5982 | D:9      | Reached XP level 10. HP: 28/66 MP: 13/13
  5992 | D:9      | Found a staircase to the Lair.
  6014 | D:9      | Killed an elephant
  6014 | D:9      | Reached skill level 5 in Evocations
  6042 | D:10     | Entered Level 10 of the Dungeon
  6119 | D:9      | Killed a two-headed ogre
  6328 | D:10     | Reached skill level 5 in Invocations
  6332 | D:10     | Noticed Grum
  6344 | D:10     | Killed Grum
  6369 | D:10     | XOM: silly message
  6394 | D:10     | Reached **** piety under Cheibriados
  6421 | D:10     | XOM: silly message
  6427 | D:10     | Found a runed translucent door.
  6444 | D:10     | Noticed a two-headed ogre
  6448 | D:10     | Noticed an orc knight
  6450 | D:10     | Killed a two-headed ogre
  6451 | D:10     | Noticed a deep elf mage
  6461 | D:10     | Killed an orc knight
  6461 | D:10     | Reached XP level 11. HP: 75/75 MP: 16/16
  6464 | D:10     | Noticed a centaur warrior
  6465 | D:10     | Noticed a cyclops
  6467 | D:10     | Killed a deep elf mage
  6586 | D:10     | Killed a cyclops
  6602 | D:10     | Killed a centaur warrior
  6632 | D:10     | Got a scorched halberd
  6634 | D:10     | Identified the +8 halberd "Zuchyo" {drain, +Inv rPois Int-2
                  | Stlth+} (You found it on level 10 of the Dungeon)
  6760 | D:11     | Noticed a two-headed ogre
  6767 | D:11     | Killed a two-headed ogre
  6803 | D:11     | Learned a level 3 spell: Mephitic Cloud
  6816 | D:11     | XOM: 1-stop teleportation journey
  6822 | D:11     | Reached skill level 1 in Poison Magic
  6845 | D:11     | Found a staircase to the Orcish Mines.
  6856 | D:11     | Reached skill level 1 in Air Magic
  6965 | D:11     | XOM: chaos upgrade
  7133 | D:12     | Learned a level 6 spell: Statue Form
  7141 | D:12     | Found Sukkou's Book Shop.
  7150 | D:12     | Noticed a two-headed ogre
  7209 | D:12     | Killed a two-headed ogre
  7209 | D:12     | Reached skill level 1 in Transmutations
  7209 | D:12     | Reached skill level 1 in Earth Magic
  7254 | D:12     | Noticed a tengu warrior
  7259 | D:12     | Killed a tengu warrior
  7259 | D:12     | Reached skill level 5 in Stealth
  7356 | D:12     | Reached skill level 1 in Spellcasting
  7356 | D:12     | Reached XP level 12. HP: 46/82 MP: 18/18
  7380 | D:12     | XOM: enchant monster (bad)
  7427 | D:11     | Learned a level 4 spell: Summon Lightning Spire
  7528 | D:12     | Noticed EWolf27's ghost (journeyman GrEE)
  7540 | D:12     | Found a transporter.
  7544 | D:12     | Found a transporter.
  7610 | D:13     | XOM: noise
  7613 | D:13     | Noticed a four-headed hydra
  7621 | D:13     | Killed a five-headed hydra
  7621 | D:13     | Reached skill level 1 in Summonings
  7687 | D:13     | XOM: noise
  7954 | D:13     | XOM: 2-stop teleportation journey
  7957 | D:13     | Reached ***** piety under Cheibriados
  8029 | D:13     | Noticed a rakshasa
  8181 | D:13     | Killed a rakshasa
  8181 | D:13     | Reached skill level 5 in Transmutations
  8337 | D:14     | Noticed a two-headed ogre
  8344 | D:14     | Killed a two-headed ogre
  8344 | D:14     | Reached skill level 5 in Earth Magic
  8366 | D:14     | Noticed a centaur warrior
  8375 | D:14     | Killed a centaur warrior
  8465 | D:14     | Noticed a two-headed ogre
  8468 | D:14     | Killed a two-headed ogre
  8469 | D:14     | Noticed a two-headed ogre
  8483 | D:14     | Killed a two-headed ogre
  8483 | D:14     | Reached XP level 13. HP: 52/88 MP: 15/19
  8495 | D:14     | Got a transparent long sword
  8496 | D:14     | Identified the +7 long sword of Responsibility {flame,
                  | +Blink Int+4} (You found it on level 14 of the Dungeon)
  8502 | D:14     | Learned a level 2 spell: Blink
  8509 | D:14     | XOM: silly message
  8694 | Orc:1    | Entered Level 1 of the Orcish Mines
  9033 | Orc:2    | Entered Level 2 of the Orcish Mines
  9048 | Orc:1    | XOM: noise
  9068 | Orc:2    | Noticed Jorgrun
  9071 | Orc:2    | Noticed Nessos
  9074 | Orc:1    | Reached skill level 5 in Spellcasting
  9094 | Orc:1    | XOM: give mutation
  9094 | Orc:1    | Gained mutation: Your spells are a little harder to cast,
                  | but a little more powerful. [Xom's mischief]
  9183 | Lair:1   | Entered Level 1 of the Lair of Beasts
  9257 | Lair:1   | XOM: noise
  9331 | Lair:1   | XOM: 5-stop teleportation journey
  9331 | Lair:1   | Was forgiven by Xom
  9541 | Lair:2   | You fall into a shaft and drop 1 floor!
  9598 | Lair:3   | Found a staircase to the Snake Pit.
 10183 | Lair:4   | Reached ****** piety under Cheibriados
 10188 | Lair:4   | Reached skill level 5 in Air Magic
 10372 | Lair:4   | Found a staircase to the Shoals.
 10374 | Lair:4   | Found a runed translucent door.
 10376 | Lair:4   | Noticed Nr616's ghost (journeyman GnSk)
 10403 | Lair:4   | Got a crystal morningstar
 10404 | Lair:4   | Identified the +1 morningstar of Foos {venom, *Noise Int+5}
                  | (You found it on level 4 of the Lair of Beasts)
 10756 | Lair:6   | Entered Level 6 of the Lair of Beasts
 10778 | Lair:6   | Found a frozen archway.
 10784 | Lair:6   | Reached XP level 14. HP: 94/94 MP: 23/23
 10790 | IceCv    | Entered an ice cave
 11297 | IceCv    | Identified the +9 halberd of Etuemoq {antimagic, +Inv
                  | Stlth+}
 11390 | Lair:6   | Noticed Sonja
 11399 | Lair:6   | Noticed Sonja
 11399 | Lair:6   | Sonja changed into Sonja the raiju
 11402 | Lair:6   | Killed Sonja the raiju
 11542 | Lair:6   | Noticed a dire elephant
 11547 | Lair:6   | Killed a dire elephant
 11592 | Lair:6   | Found a staircase to the Slime Pits.
 12120 | Orc:2    | Killed Nessos
 12120 | Orc:2    | Reached skill level 10 in Transmutations
 12123 | Orc:2    | Reached skill level 10 in Earth Magic
 12123 | Orc:2    | Reached XP level 15. HP: 99/99 MP: 22/27
 12138 | Orc:2    | Killed Jorgrun
 12324 | Orc:2    | Found Ohaceit's Armour Shop.
 12324 | Orc:2    | Found Fipsiweh's Gadget Emporium.
 12324 | Orc:2    | Found Askigrox's Antique Armour Emporium.
 12324 | Orc:2    | Found Fieta's Distillery.
 12334 | Orc:2    | Bought the +2 hood of the Assassin {Detection Stab+
                  | Stlth++} for 1560 gold pieces
 12334 | Orc:2    | Found the +2 hood of the Assassin {Detection Stab+ Stlth++}
 12376 | Orc:2    | Found a staircase to the Elven Halls.
 12723 | Orc:2    | Learned a level 4 spell: Summon Ice Beast
 12728 | Orc:2    | Learned a level 4 spell: Leda's Liquefaction
 12736 | Orc:2    | Learned a level 6 spell: Iron Shot
 13031 | D:14     | Reached skill level 10 in Spellcasting
 13080 | D:14     | Found a gate to the Vaults.
 13175 | D:14     | Found Rofian's Weapon Emporium.
 13204 | D:14     | Bought a +3 fustibalus of flaming for 572 gold pieces
 13286 | D:15     | Entered Level 15 of the Dungeon
 13432 | D:15     | Found a staircase to the Depths.
 13508 | D:15     | Reached XP level 16. HP: 105/105 MP: 22/30
 13706 | D:15     | Found a runed translucent gate.
 13707 | D:15     | Found a runed translucent gate.
 13709 | D:15     | Found a runed translucent gate.
 13711 | D:15     | Noticed Lomaesku's ghost (journeyman GrEE)
 14287 | Snake:1  | Entered Level 1 of the Snake Pit
 14290 | Snake:1  | Reached skill level 1 in Shields
 14517 | Snake:1  | Noticed Asterion
 14523 | Snake:1  | Killed Asterion
 14594 | Snake:1  | Found Yciod's Jewellery Shoppe.
 14594 | Snake:1  | Found Laohyngigo's Gadget Shop.
 14595 | Snake:1  | Found Eckudoasm's Gadget Shop.
 14956 | Depths:1 | Entered Level 1 of the Depths
 15210 | Depths:1 | Identified the +0 pair of gloves "Hugah" {Dex+6 SInv}
 15210 | Depths:1 | Noticed Nikola
 15221 | Depths:1 | Killed Nikola
 15332 | Depths:1 | Reached skill level 5 in Shields
 15433 | Depths:2 | Reached XP level 17. HP: 111/111 MP: 31/31
 15471 | Depths:2 | Found Rienirph's Food Shoppe.
 15570 | Depths:2 | Noticed a quicksilver dragon
 15727 | Depths:2 | Reached skill level 10 in Shields
 15830 | Depths:2 | You fall into a shaft and drop 2 floors!
 15912 | Depths:4 | Noticed a tentacled monstrosity
 15920 | Depths:4 | Killed a tentacled monstrosity
 15977 | Depths:4 | Found a runed translucent gate.
 15977 | Depths:4 | Found a runed translucent gate.
 15977 | Depths:4 | Found a runed translucent gate.
 15980 | Depths:4 | Noticed an ancient lich
 15982 | Depths:4 | Noticed Xousouc's ghost (veteran GnWz)
 16124 | Depths:4 | Found a corrupted altar of Lugonu.
 16124 | Depths:4 | Found a one-way gate to the infinite horrors of the Abyss.
 16227 | Depths:4 | Found a gateway to Hell.
 16528 | Depths:4 | Reached XP level 18. HP: 57/117 MP: 30/32
 16655 | Depths:3 | Reached skill level 10 in Invocations
 17111 | Snake:1  | Bought an uncursed amulet of regeneration for 330 gold
                  | pieces
 17901 | Snake:3  | Learned a level 4 spell: Olgreb's Toxic Radiance
 18470 | Snake:4  | Entered Level 4 of the Snake Pit
 18724 | Snake:4  | Reached skill level 5 in Poison Magic
 18752 | Snake:4  | Reached XP level 19. HP: 122/122 MP: 29/33
 18783 | Snake:4  | Reached skill level 15 in Shields
 19324 | Snake:4  | Got a serpentine rune of Zot
 19790 | Vaults:1 | Entered Level 1 of the Vaults
 19833 | Vaults:1 | Noticed Saint Roka
 19846 | Vaults:1 | Killed Saint Roka
 20271 | Vaults:2 | Reached skill level 10 in Dodging
 20384 | Vaults:2 | Reached XP level 20. HP: 132/132 MP: 34/34
 20512 | Vaults:2 | Found a staircase to the Crypt.
 20512 | Vaults:2 | Found an ancient bone altar of Kikubaaqudgha.
 20513 | Vaults:2 | Found a basalt altar of Yredelemnul.
 20540 | Crypt:1  | Entered Level 1 of the Crypt
 20578 | Crypt:1  | Reached skill level 10 in Fighting
 20684 | Crypt:1  | Identified the Incunabulum of Enthralling Dark Magic
 20885 | Crypt:3  | Entered Level 3 of the Crypt
 20926 | Crypt:3  | Noticed a lich
 20933 | Crypt:3  | Killed a lich
 21075 | Crypt:3  | Found a staircase to the Tomb.
 21214 | Crypt:3  | Identified the +8 rapier of Shame {vorpal, rF+}
 21214 | Crypt:3  | Identified the ring of Pepp {rPois rN+ MR+ Str+6 Int+2}
 21228 | Crypt:3  | Noticed a greater mummy
 21236 | Crypt:3  | Identified the ring of Giuts {rN+ MR+ Int+3 Dex+2}
 21240 | Crypt:3  | Killed a greater mummy
 21240 | Crypt:3  | Reached XP level 21. HP: 73/141 MP: 32/35
 21283 | Crypt:3  | Found an ancient bone altar of Kikubaaqudgha.
 21285 | Crypt:3  | Found a basalt altar of Yredelemnul.
 21301 | Crypt:3  | Identified Ujaecymm's Reference Book on Air and Poisoning
 21336 | Crypt:3  | Got a shimmering wooden ring
 21338 | Crypt:3  | Identified the ring of Viet {rPois rN+ Str+6 Int+4} (You
                  | found it on level 3 of the Crypt)
 21371 | Crypt:3  | Noticed a profane servitor
 21376 | Crypt:3  | Killed a profane servitor
 21814 | Crypt:1  | Reached skill level 15 in Unarmed Combat
 22178 | Vaults:4 | Noticed Boris
 22182 | Vaults:4 | Killed Boris
 22267 | Vaults:4 | Reached XP level 22. HP: 150/150 MP: 36/36
 22912 | Vaults:5 | Entered Level 5 of the Vaults
 22971 | Vaults:5 | Noticed Xtahua
 22980 | Vaults:5 | Killed Xtahua
 23010 | Vaults:5 | Noticed Jory
 23018 | Vaults:5 | Killed Jory
 23155 | Vaults:5 | Reached XP level 23. HP: 157/158 MP: 38/38
 23203 | Vaults:5 | Noticed an ancient lich
 23208 | Vaults:5 | Killed an ancient lich
 23211 | Vaults:5 | Noticed an ancient lich
 23216 | Vaults:5 | Killed an ancient lich
 23366 | Vaults:5 | Noticed an ancient lich
 23379 | Vaults:5 | Killed an ancient lich
 23516 | Vaults:5 | Noticed a golden dragon
 23520 | Vaults:5 | Killed a golden dragon
 23538 | Vaults:5 | Got a silver rune of Zot
 23547 | Vaults:5 | Learned a level 5 spell: Summon Forest
 23553 | Vaults:5 | Learned a level 5 spell: Summon Mana Viper
 23654 | Vaults:5 | Identified the Disquisition on Scorching Bewitchment
 24167 | Elf:1    | Entered Level 1 of the Elven Halls
 24194 | Elf:1    | Found a radiant altar of Vehumet.
 24196 | Elf:1    | Noticed Frances
 24204 | Elf:1    | Killed Frances
 24318 | Elf:1    | Identified the Handbook of Necromancy
 24333 | Elf:1    | Learned a level 4 spell: Animate Dead
 24400 | Elf:1    | Noticed Aizul
 24410 | Elf:1    | Killed Aizul
 24422 | Elf:1    | Found Xosaqevoa's Assorted Antiques.
 24436 | Elf:1    | Bought a curved brass wand for 120 gold pieces
 24492 | Elf:2    | Reached XP level 24. HP: 167/167 MP: 39/39
 24559 | Elf:3    | Entered Level 3 of the Elven Halls
 24869 | Elf:3    | Got a transparent crystal amulet
 24870 | Elf:3    | Identified the amulet of Kuyxolen {+Blink +Rage MR+} (You
                  | found it on level 3 of the Elven Halls)
 24895 | Elf:3    | Found the +3 crown of Dyrovepreva {rElec Int+2 SInv}
 24982 | Elf:3    | Upgraded the game from 0.25-a0-886-gd7461d2276 to
                  | 0.25-a0-927-g39f137c8b7
 25148 | Elf:1    | Reached skill level 15 in Dodging
 25158 | Elf:1    | Found a portal to a secret trove of treasure.
 25172 | Trove    | Entered a treasure trove
 25454 | Orc:2    | Bought a potion of heal wounds for 65 gold pieces
 25454 | Orc:2    | Bought a potion of curing for 39 gold pieces
 25454 | Orc:2    | Bought a potion of curing for 39 gold pieces
 25454 | Orc:2    | Bought a potion of heal wounds for 65 gold pieces
 25454 | Orc:2    | Bought a potion of resistance for 130 gold pieces
 25454 | Orc:2    | Bought a potion of magic for 104 gold pieces
 25456 | Orc:2    | Bought a wand of clouds (4) for 288 gold pieces
 25456 | Orc:2    | Bought a wand of digging (6) for 240 gold pieces
 25456 | Orc:2    | Bought a wand of iceblast (10) for 168 gold pieces
 25728 | Snake:1  | Bought a wand of iceblast (9) for 260 gold pieces
 25728 | Snake:1  | Bought a wand of scattershot (6) for 600 gold pieces
 25728 | Snake:1  | Bought a wand of digging (8) for 480 gold pieces
 25732 | Snake:1  | Bought a wand of clouds (3) for 315 gold pieces
 25841 | Shoals:1 | Entered Level 1 of the Shoals
 26038 | Shoals:2 | Reached skill level 15 in Fighting
 26078 | Shoals:2 | Identified the cursed +1 quarterstaff of Foul Odors
                  | {vorpal, *Contam MR+ Int+7 Stlth+}
 26115 | Shoals:2 | Found Mucesiq's Magic Scroll Shop.
 26155 | Shoals:2 | Bought a scroll of teleportation for 51 gold pieces
 26155 | Shoals:2 | Bought a scroll of blinking for 127 gold pieces
 26187 | Shoals:3 | Learned a level 5 spell: Aura of Abjuration
 26275 | Shoals:3 | Identified Roxanne's Disquisition on the Mountains
 26275 | Shoals:3 | Noticed Roxanne
 26295 | Shoals:3 | Killed Roxanne
 26342 | Shoals:4 | Entered Level 4 of the Shoals
 26457 | Shoals:4 | Found a gateway to a bazaar.
 26494 | Shoals:4 | Noticed Kirke
 26499 | Shoals:4 | Killed Kirke
 26499 | Shoals:4 | Reached skill level 10 in Evocations
 26677 | Shoals:4 | Got a barnacled rune of Zot
 26914 | Bazaar   | Entered a bazaar
 26915 | Bazaar   | Found Doler's Armour Emporium.
 26915 | Bazaar   | Found Ahuttivi's General Store.
 26916 | Bazaar   | Found Wuisui's General Store.
 26920 | Bazaar   | Found Lymytz's General Store.
 26960 | Bazaar   | Bought a wand of iceblast (7) for 99 gold pieces
 26960 | Bazaar   | Bought a potion of invisibility for 72 gold pieces
 26960 | Bazaar   | Bought a potion of heal wounds for 45 gold pieces
 26971 | Bazaar   | Bought a scroll of teleportation for 48 gold pieces
 26971 | Bazaar   | Bought a potion of magic for 128 gold pieces
 26982 | Bazaar   | Bought a potion of heal wounds for 70 gold pieces
 27119 | Shoals:2 | Learned a level 1 spell: Apportation
 27139 | Shoals:2 | Learned a level 3 spell: Gell's Gravitas
 27167 | Shoals:2 | Reached XP level 25. HP: 174/174 MP: 41/41
 27739 | Depths:2 | Found a one-way gate leading to the halls of Pandemonium.
 27862 | Depths:3 | Identified the cursed +0 rapier "Usorch" {venom, rPois rN+
                  | Int+3 Dex-3}
 27901 | Depths:3 | Reached skill level 15 in Evocations
 27906 | Depths:3 | Reached skill level 1 in Translocations
 27950 | Depths:3 | Reached skill level 5 in Summonings
 28039 | Depths:3 | Reached skill level 5 in Translocations
 28100 | Depths:3 | Identified the +3 mace of Division {elec, +Blink}
 28124 | Depths:3 | Noticed a juggernaut
 28129 | Depths:3 | Killed a juggernaut
 28169 | Depths:3 | Got a smoking buckler
 28170 | Depths:3 | Identified the +2 buckler of the Morning Star {Regen+ Str+4
                  | Int+4 Dex-4} (You found it on level 3 of the Depths)
 28222 | Depths:3 | Reached XP level 26. HP: 180/180 MP: 41/41
 28223 | Depths:3 | Reached skill level 10 in Translocations
 28724 | Depths:5 | Entered Level 5 of the Depths
 28730 | Depths:5 | Noticed Louise
 28736 | Depths:5 | Killed Louise
 28770 | Depths:5 | Reached skill level 10 in Summonings
 28782 | Depths:5 | Lost mutation: Your body sometimes deteriorates upon taking
                  | damage. [potion of mutation]
 28782 | Depths:5 | Lost mutation: Your spells are a little harder to cast, but
                  | a little more powerful. [potion of mutation]
 28782 | Depths:5 | Gained mutation: Your body sometimes deteriorates upon
                  | taking damage. [potion of mutation]
 28782 | Depths:5 | Gained mutation: You are partially covered in thin metallic
                  | scales. (AC +2) [potion of mutation]
 28824 | Depths:5 | Noticed Frederick
 28829 | Depths:5 | Killed Frederick
 28846 | Depths:5 | Noticed Sojobo
 28862 | Depths:5 | Killed Sojobo
 28914 | Depths:5 | Found a gate to the Realm of Zot.
 28930 | Zot:1    | Entered Level 1 of the Realm of Zot
 28942 | Zot:1    | Noticed an orb of fire
 28950 | Zot:1    | Killed an orb of fire
 29107 | Zot:2    | Reached XP level 27. HP: 186/186 MP: 41/41
 29143 | Zot:1    | Found a shimmering altar of Xom.
 29143 | Zot:1    | Noticed Jeowk's ghost (legendary MiCK)
 29143 | Zot:1    | Identified the +6 halberd of Resourcefulness {chaos, Dex+4}
 29148 | Zot:1    | Found a runed translucent door.
 29184 | Zot:1    | Killed Jeowk's ghost
 29270 | Zot:2    | Reached skill level 15 in Spellcasting
 29324 | Zot:2    | Reached skill level 15 in Translocations
 29337 | Zot:2    | Learned a level 7 spell: Haunt
 29847 | Zot:3    | Found a runed translucent door.
 29866 | Zot:3    | Noticed Pedir's ghost (legendary MfGl)
 30124 | Zot:4    | Identified the Catalogue of Contamination and the Rocks
 30186 | Zot:5    | Entered Level 5 of the Realm of Zot
 30200 | Zot:5    | Noticed an ancient lich
 30200 | Zot:5    | Noticed an ancient lich
 30201 | Zot:5    | Noticed an orb of fire
 30201 | Zot:5    | Gained mutation: You are weak. (Str -2) [an orb of fire]
 30202 | Zot:5    | Killed an ancient lich
 30202 | Zot:5    | Reached skill level 1 in Necromancy
 30207 | Zot:5    | Noticed an ancient lich
 30218 | Zot:5    | Killed an orb of fire
 30219 | Zot:5    | Killed an ancient lich
 30219 | Zot:5    | Reached skill level 5 in Necromancy
 30396 | Zot:5    | Killed an ancient lich
 30469 | Zot:5    | Identified the +7 scimitar of Awkwardness {flame, *Slow
                  | rN++}
 30526 | Zot:5    | Noticed an ancient lich
 30531 | Zot:5    | Killed an ancient lich
 30583 | Zot:5    | Identified the ring of the Clam {+Fly Int+3 SInv}
 30590 | Zot:5    | Noticed an orb of fire
 30593 | Zot:5    | Noticed an ancient lich
 30601 | Zot:5    | Gained mutation: You do not regenerate when monsters are
                  | visible. [an orb of fire]
 30604 | Zot:5    | Killed an orb of fire
 30604 | Zot:5    | Reached skill level 10 in Necromancy
 30607 | Zot:5    | Killed an ancient lich
 30607 | Zot:5    | Reached skill level 15 in Summonings
 31170 | Depths:2 | Noticed a juggernaut
 31190 | Depths:2 | Killed a juggernaut
 31730 | Tomb:1   | Entered Level 1 of the Tomb of the Ancients
 31740 | Tomb:1   | Noticed a greater mummy
 31741 | Tomb:1   | Killed a greater mummy
 31742 | Tomb:1   | Noticed a greater mummy
 31742 | Tomb:1   | Noticed a greater mummy
 31745 | Tomb:1   | Killed a greater mummy
 31751 | Tomb:1   | Killed a greater mummy
 31753 | Tomb:1   | Noticed a greater mummy
 31762 | Tomb:1   | Killed a greater mummy
 31765 | Tomb:1   | Noticed a greater mummy
 31769 | Tomb:1   | Killed a greater mummy
 31877 | Tomb:1   | Noticed a greater mummy
 31880 | Tomb:1   | Noticed a greater mummy
 31887 | Tomb:1   | Killed a greater mummy
 31891 | Tomb:1   | Killed a greater mummy
 31892 | Tomb:1   | Noticed a greater mummy
 31894 | Tomb:1   | Killed a greater mummy
 31894 | Tomb:1   | Reached skill level 15 in Earth Magic
 31897 | Tomb:1   | Noticed a greater mummy
 31917 | Tomb:1   | Killed a greater mummy
 31918 | Tomb:1   | Noticed a greater mummy
 31919 | Tomb:1   | Noticed a greater mummy
 31927 | Tomb:1   | Killed a greater mummy
 31927 | Tomb:1   | Killed a greater mummy
 32010 | Tomb:2   | Noticed Boris
 32045 | Tomb:1   | Noticed a greater mummy
 32056 | Tomb:1   | Killed a greater mummy
 32279 | Tomb:1   | Lost mutation: You are weak. (Str -2) [potion of mutation]
 32279 | Tomb:1   | Lost mutation: Your body sometimes deteriorates upon taking
                  | damage. [potion of mutation]
 32279 | Tomb:1   | Gained mutation: You have a pair of small antennae on your
                  | head. [potion of mutation]
 32279 | Tomb:1   | Gained mutation: You are agile. (Dex +2) [potion of
                  | mutation]
 32279 | Tomb:1   | Gained mutation: You are very agile. (Dex +4) [potion of
                  | mutation]
 32958 | Slime:1  | Entered Level 1 of the Pits of Slime
 33086 | Slime:5  | Entered Level 5 of the Pits of Slime
 33103 | Slime:5  | Noticed the Royal Jelly
 33125 | Slime:5  | Found a viscous altar of Jiyva.
 33236 | Slime:5  | Killed the Royal Jelly
 33250 | Slime:5  | Got a slimy rune of Zot
 33328 | Slime:5  | Identified Caxyink's Grimoire of Dusty Snow
 33342 | Slime:5  | Got a glittering platinum ring
 33343 | Slime:5  | Identified the ring of Oshae {rN+ Slay+2 Stlth+} (You found
                  | it on level 5 of the Pits of Slime)
 34101 | Depths:4 | Voluntarily entered the Abyss.
 34101 | Abyss:1  | Found a corrupted altar of Lugonu.
 34133 | Abyss:1  | Learned a level 8 spell: Controlled Blink
 34143 | Abyss:1  | Learned a level 9 spell: Shatter
 34338 | Abyss:1  | Found a stormy altar of Qazlal.
 34759 | Abyss:3  | Gained mutation: You occasionally shout uncontrollably at
                  | your foes. [a neqoxec]
 34881 | Abyss:3  | Found a shimmering blue altar of Sif Muna.
 34943 | Abyss:3  | Found a shimmering blue altar of Sif Muna.
 34946 | Abyss:3  | Paralysed by accursed screaming for 1 turns
 34951 | Abyss:3  | Paralysed by accursed screaming for 1 turns
 35135 | Abyss:3  | Got an abyssal rune of Zot
 35238 | Depths:4 | Escaped the Abyss
 35308 | Pan      | Entered Pandemonium
 35332 | Pan      | Learned a level 2 spell: Passwall
 35395 | Pan      | Gained mutation: Scrolls take you a little longer to read.
                  | [a neqoxec]
 35673 | Pan      | Noticed Rotz the pandemonium lord
 35681 | Pan      | Killed Rotz the pandemonium lord
 35826 | Depths:3 | Escaped Pandemonium
 35890 | Depths:4 | Lost mutation: Scrolls take you a little longer to read.
                  | [potion of mutation]
 35890 | Depths:4 | Lost mutation: You have a pair of small antennae on your
                  | head. [potion of mutation]
 35890 | Depths:4 | Gained mutation: You are frail. (-10% HP) [potion of
                  | mutation]
 35890 | Depths:4 | Lost mutation: You do not regenerate when monsters are
                  | visible. [potion of mutation]
 35918 | Depths:4 | Killed an ancient lich
 35946 | Depths:4 | Killed Xousouc's ghost
 36711 | Pan      | Entered Pandemonium
 36867 | Pan      | Noticed Geochis the pandemonium lord
 36868 | Pan      | Gained mutation: Your body sometimes deteriorates upon
                  | taking damage. [a neqoxec]
 36874 | Pan      | Killed Geochis the pandemonium lord
 36902 | Pan      | Killed from afar by a Tzitzimitl

Levels and vault maps discovered:
D:1:      dpeg_arrival_refuge, layout_loops_corners
D:2:      layout_rooms, st_stairs_5, nemelex_diamond_rough_becter
D:3:      layout_loops_corners, nicolae_overflow_crystal_walls,
          nicolae_overflow_hidden_temple, first_ration
D:4:      layout_basic, minmay_temple_entry_stoned_glass
D:5:      layout_cave_pools, basic_altar, grunt_ministairs_7
D:6:      layout_basic, gammafunk_temple_overflow_claw
D:7:      layout_basic
D:8:      layout_rooms
D:9:      layout_rooms, gammafunk_temple_overflow_pools, david_lair_generic
D:10:     minmay_the_grid_triangle_9x9_rhombus_thin_mashed
          [minmay_the_grid_triangle_9x9_from_above,
          minmay_the_grid_triangle_9x9_prize_top_heavy,
          minmay_the_grid_triangle_9x9_subtriangle,
          minmay_the_grid_triangle_9x9_zippers_horizontal], layout_rooms,
          uniq_grum
D:11:     layout_gridville, erik_orc_1, uniq_fannar
D:12:     layout_cross, serial_shops, nicolae_shop_window_shopping,
          gammafunk_ghost_hive, hangedman_pestilent_swarm, hangedman_misty_isle
D:13:     layout_basic
D:14:     layout_loops_ring, hangedman_vaults_entry_quadrant_bands,
          serial_shops, nicolae_shop_behind_doors, minmay_misc_feat_five,
          minmay_misc_feat_enclosed, grunt_decor_one_mirror,
          minmay_misc_feat_doors
D:15:     gammafunk_depths_entry_grave, layout_basic, minmay_misc_feat_square,
          ebering_ghost_rock_garden, drop_trap
Temple:   regret_index_temple_generic_petals
Lair:1:   layout_roguey, minmay_holes
Lair:2:   layout_cave_shapes, lemuel_fruit_fields
Lair:3:   layout_chaotic_city, minmay_snake_entry_guardpost_small,
          beast_lair_carwin_11
Lair:4:   layout_big_grid, elwin_shoals_entry_rocks,
          ebering_ghost_reflecting_pool, lemuel_fruit_tree, lemuel_fruit_fields
Lair:5:   layout_cave_pods
Lair:6:   gammafunk_lair_ancient_temple, layout_regular_city,
          minmay_slime_entry_pillars, portal_ice_cave_rime, uniq_sonja
Shoals:1: layout_shoals, serial_shops, shop
Shoals:2: layout_shoals, serial_shops, nicolae_shop_stone
Shoals:3: layout_shoals, uniq_ilsuiw, uniq_roxanne
Shoals:4: shoals_end_grunt_ice, layout_shoals, serial_shops, bzr_entry_water,
          ldierk_geyser, nicolae_shoals_square_sea_wall,
          nicolae_shoals_circle_sea_wall, nicolae_shoals_stone_sculpture_thing,
          nicolae_shoals_kraken_intersection, uniq_kirke
Snake:1:  layout_onion, grunt_ministairs_7, nicolae_large_snake_swirl,
          serial_bayou_shore_a, minmay_shop_grove, uniq_asterion
Snake:2:  layout_misc_corridors, grunt_megastairs_2, serial_bayou_shore_b
Snake:3:  layout_honeycomb, hangedman_snake_corridor_cut
Snake:4:  grunt_snake_rune_spirals, layout_onion,
          hangedman_snake_thin_pillar_pass
Slime:1:  layout_caves
Slime:2:  layout_caves
Slime:3:  layout_caves
Slime:4:  layout_caves
Slime:5
Orc:1:    layout_caves
Orc:2:    st_orc_ogre_mass, layout_caves, uniq_nessos, uniq_jorgrun
Elf:1:    eino_elf_arrival_altar, layout_geoelf_diagonals,
          nicolae_trove_entry_crossroad, serial_shops, shop_fountains,
          minmay_elf_necromancy, dk_noncrumbling_3, uniq_frances, uniq_aizul
Elf:2:    layout_geoelf_grid, minivault_26, minivault_8
Elf:3:    elf_hall, layout_onion_city, serial_shops, shop, solitary_fountain
Vaults:1: v_misc_29, v_misc_17, v_misc_14, nicolae_vaults_border_crossing,
          vaults_room_fancy_cross, vaults_room_door_ring,
          nicolae_vaults_angled_halls, ontoclasm_vaults_gateway,
          layout_vaults_omnigrid, uniq_saint_roka
Vaults:2: nicolae_vaults_big_ls, minmay_crypt_entry_necro_gods,
          nicolae_vaults_yaktaur_gun_rack, dpeg_vaults_waves,
          vaults_room_large_hall, v_misc_33, hangedman_vaults_capsules,
          serial_ice_h, ontoclasm_vaults_hangar, v_misc_24,
          ontoclasm_vaults_loading_screen, dpeg_vaults_monster_box, v_misc_1,
          layout_vaults_big_room, uniq_mennas, uniq_mara
Vaults:3: nicolae_vaults_little_squares_6, hangedman_vaults_stretched_pinwheel,
          v_misc_30, ontoclasm_vaults_idyll, v_rooms_2, v_misc_31, v_misc_8,
          nicolae_vaults_asterisk, hangedman_vaults_impose,
          vaults_room_door_ring, hangedman_vaults_slice,
          nicolae_vaults_angled_halls, layout_vaults_ring
Vaults:4: vaults_room_large_hall, vaults_dpeg_cross,
          nicolae_vaults_network_periphery, vaults_mumra_lcd, st_spiral_rooms,
          hangedman_vaults_unwind, ontoclasm_vaults_ligature,
          nicolae_vaults_alarming, hangedman_vaults_variations,
          vaults_room_door_hall, vaults_room_pools, vaults_dpeg_doors,
          vaults_dpeg_ring, layout_vaults_big_cross, serial_shops, shop,
          uniq_boris
Vaults:5: uniq_jory, uniq_xtahua
Crypt:1:  layout_misc_corridors, basic_altar, roderic_lattice_octagonal_star
Crypt:2:  layout_basic, basic_altar
Crypt:3:  lightli_unholy_cathedral, layout_chaotic_city,
          tomb_entry_forgotten_bobbens
Tomb:1
Tomb:2
Depths:1: layout_roguey, grunt_hell_entry_dis_mu, grunt_decor_arrowhead,
          minmay_microvault, serial_bayou_shore_b, uniq_nikola
Depths:2: minmay_broken_ring, layout_gridlike, pf_hell_entry_great_geh,
          ebering_ghost_inner_flame, serial_shops, shop_statue, eino_curves_01,
          rand_demon_pan_entry_8, infiniplex_staircase_pillars_3a
Depths:3: grunt_twisty_corner, layout_gridlike, enter_ziggurat_e,
          nicolae_twisting_strands, pf_coc_iceberg, abyss_entry, pan_entry
Depths:4: kennysheep_water_balloons, layout_gridlike, abyss_entry_flame_altar,
          hell_entry, grunt_decor_cap, gammafunk_ghost_necromancy,
          infiniplex_staircase_river
Depths:5: grunt_zot_entry_gee_three, layout_basic,
          nicolae_abyss_entry_one_way_or_another, nicolae_lava_and_water,
          hell_entry, uniq_sojobo, uniq_frederick
Zot:1:    cheibrodos_zot_enchanting_chambers, layout_basic, ebering_ghost_xom
Zot:2:    kennysheep_room_grid, layout_gridville, zot_minivault_7
Zot:3:    circus_mu, layout_onion, ebering_ghost_reflecting_pool
Zot:4:    layout_misc_corridors
Zot:5:    layout_concentric_octagons, st_stairs_12, grunt_ministairs_4,
          lemuel_flame_loot_1
Pan:      pan_disco_hall, layout_gridville, evilmike_mini_pan_other_thingy,
          layout_irregular_city, pan_blood_fountain_small,
          nicolae_pan_lom_lobonic_4, evilmike_mini_pan_pillars_b,
          layout_cellular_growth, pan_blood_fountain_2,
          evilmike_mini_pan_branches, layout_cellular_growth,
          regret_index_pan_draining_boxed, layout_rooms

Skill      XL: |  1  2  3  4  5  6  7  8  9 10 11 12 13 14 15 16 17 18 19 20 21 22 23 24 25 26 27 |
---------------+----------------------------------------------------------------------------------+-----
Stealth        | 2 4 5 7 8 9 |  9.5
Unarmed Combat | 1 2 3 5 6 8 10 12 14 15 17 18 20 | 20.0
Fighting       | 2 5 7 8 9 11 12 13 14 15 | 15.0
Dodging        | 3 5 7 8 9 10 11 12 13 14 15 | 15.0
Invocations    | 3 6 9 11 12 | 12.3
Evocations     | 4 6 8 11 15 | 15.0
Poison Magic   | 3 6 9 |  9.4
Air Magic      | 2 3 5 |  5.1
Transmutations | 3 5 7 10 12 | 12.6
Earth Magic    | 3 5 7 10 11 12 20 | 20.1
Spellcasting   | 1 4 6 8 10 11 12 14 19 | 19.8
Summonings     | 3 4 8 11 15 | 15.1
Shields        | 7 12 14 15 17 | 17.6
Translocations | 9 14 16 | 16.0
Necromancy     | 11 | 11.0
Short Blades   | |  1.0

Action                   |  1- 3 |  4- 6 |  7- 9 | 10-12 | 13-15 | 16-18 | 19-21 | 22-24 | 25-27 || total
-------------------------+-------+-------+-------+-------+-------+-------+-------+-------+-------++-------
Melee: Short sword       |    36 |       |       |       |       |       |       |       |       ||    36
       Constrict         |    14 |     7 |    82 |    37 |    84 |    53 |   120 |   134 |   223 ||   754
       Tentacles         |    11 |    10 |    95 |    79 |   212 |   237 |   297 |   230 |   473 ||  1644
       Dagger            |    17 |    43 |   340 |     6 |       |       |       |       |       ||   406
       Punch             |       |     3 |    31 |    35 |    78 |   104 |   130 |   176 |   381 ||   938
       Unarmed           |       |       |    19 |    90 |   323 |   636 |   752 |   730 |  1498 ||  4048
       Halberd           |       |       |       |   191 |   304 |       |       |       |       ||   495
Throw: Stone             |       |       |       |     3 |     2 |       |       |       |       ||     5
 Cast: Mephitic Cloud    |       |       |       |    10 |    19 |     1 |     2 |       |       ||    32
       Summon Lightning  |       |       |       |       |    21 |    15 |    16 |     3 |    17 ||    72
       Statue Form       |       |       |       |       |    21 |    56 |    58 |    54 |    97 ||   286
       Leda's Liquefacti |       |       |       |       |     1 |       |     4 |     2 |       ||     7
       Olgreb's Toxic Ra |       |       |       |       |       |       |     1 |     2 |       ||     3
       Animate Dead      |       |       |       |       |       |       |       |     1 |       ||     1
       Summon Forest     |       |       |       |       |       |       |       |       |    14 ||    14
       Gell's Gravitas   |       |       |       |       |       |       |       |       |    18 ||    18
       Aura of Abjuratio |       |       |       |       |       |       |       |       |    14 ||    14
       Passwall          |       |       |       |       |       |       |       |       |    11 ||    11
       Shatter           |       |       |       |       |       |       |       |       |     4 ||     4
       Haunt             |       |       |       |       |       |       |       |       |     3 ||     3
       Apportation       |       |       |       |       |       |       |       |       |     1 ||     1
       Summon Mana Viper |       |       |       |       |       |       |       |       |     1 ||     1
Invok: Slouch            |       |       |       |     8 |    10 |    15 |     7 |     7 |    27 ||    74
       Temporal Distorti |       |       |       |     2 |     4 |       |     2 |     4 |     3 ||    15
       Step From Time    |       |       |       |       |       |     1 |     1 |       |       ||     2
 Abil: Evoke Invisibilit |       |       |       |       |     1 |       |       |       |       ||     1
Evoke: Wand              |     4 |    17 |    28 |    48 |     9 |     8 |     4 |     1 |    14 ||   133
       Lightning rod     |       |       |       |       |       |       |       |       |     4 ||     4
  Use: Scroll            |     2 |     2 |    13 |     7 |     9 |    10 |     5 |     7 |    26 ||    81
       Potion            |       |       |     6 |     3 |     1 |     4 |       |       |    12 ||    26
 Stab: Sleeping          |     6 |     4 |    21 |    10 |    26 |    19 |    10 |    19 |    20 ||   135
       Confused          |       |     3 |       |     3 |    19 |     1 |       |       |       ||    26
       Distracted        |       |       |     1 |     3 |     5 |     3 |    15 |     3 |    20 ||    50
       Invisible         |       |       |       |       |     3 |       |       |       |       ||     3
       Betrayed ally     |       |       |       |       |       |       |     1 |       |       ||     1
  Eat: Chunk             |       |     2 |     9 |     9 |     9 |    12 |     4 |    12 |    11 ||    68
       Ration            |       |       |     1 |     1 |     5 |     5 |     6 |     3 |     5 ||    26
Armor: Skin              |     7 |       |    90 |    24 |   122 |   209 |   154 |   142 |   364 ||  1112
Dodge: Dodged            |    37 |    21 |   341 |   329 |  1093 |   940 |   867 |   864 |  2023 ||  6515
Block: Kite shield       |       |       |       |       |       |   846 |  1265 |  1045 |  2056 ||  5212
       Buckler           |       |       |       |       |       |    35 |       |       |       ||    35
       Reflection        |       |       |       |       |       |    95 |   111 |   103 |    54 ||   363
       Tower shield      |       |       |       |       |       |       |       |       |   282 ||   282

Table legend:
 A = Non-vault XP
 B = Vault XP
 C = Vault XP percentage of total XP
 D = Non-vault monster count
 E = Vault monster count
 F = Vault count percentage of total count
                 A         B        C        D         E       F
            +---------+---------+-------+---------+---------+-------
      Total |  947642 | 1111585 |  54.0 |    1707 |     886 |  34.2
            +---------+---------+-------+---------+---------+-------
        D:1 |      41 |       0 |   0.0 |      19 |       0 |   0.0
        D:2 |      63 |       5 |   7.4 |      27 |       1 |   3.6
        D:3 |     149 |       0 |   0.0 |      21 |       0 |   0.0
        D:4 |     415 |       0 |   0.0 |      19 |       0 |   0.0
        D:5 |     414 |       5 |   1.2 |      12 |       1 |   7.7
        D:6 |     662 |       0 |   0.0 |      15 |       0 |   0.0
        D:7 |     473 |       0 |   0.0 |       7 |       0 |   0.0
        D:8 |    1141 |       0 |   0.0 |      20 |       0 |   0.0
        D:9 |    1547 |    1029 |  39.9 |      16 |       4 |  20.0
       D:10 |    1634 |    4776 |  74.5 |      21 |      17 |  44.7
       D:11 |    1877 |     615 |  24.7 |      10 |      17 |  63.0
       D:12 |    3074 |    2520 |  45.0 |      14 |      19 |  57.6
       D:13 |    7203 |       0 |   0.0 |      42 |       0 |   0.0
       D:14 |    9883 |    8189 |  45.3 |      31 |      18 |  36.7
       D:15 |    6550 |    4023 |  38.0 |      17 |       8 |  32.0
     Temple |     124 |       0 |   0.0 |       1 |       0 |   0.0
     Lair:1 |    3640 |       0 |   0.0 |      13 |       0 |   0.0
     Lair:2 |    2181 |       0 |   0.0 |      11 |       0 |   0.0
     Lair:3 |    3901 |     604 |  13.4 |      18 |       5 |  21.7
     Lair:4 |    5144 |       0 |   0.0 |      27 |       0 |   0.0
     Lair:5 |    3313 |       0 |   0.0 |      11 |       0 |   0.0
     Lair:6 |   11227 |   10594 |  48.5 |      33 |      27 |  45.0
   Shoals:1 |   13705 |       0 |   0.0 |      25 |       0 |   0.0
   Shoals:2 |   15417 |       0 |   0.0 |      34 |       0 |   0.0
   Shoals:3 |   11227 |    1911 |  14.5 |      18 |       1 |   5.3
   Shoals:4 |    8758 |   22784 |  72.2 |      19 |      31 |  62.0
    Snake:1 |    7643 |    5696 |  42.7 |      18 |       7 |  28.0
    Snake:2 |   12321 |    1484 |  10.7 |      23 |       4 |  14.8
    Snake:3 |    2837 |    4726 |  62.5 |       6 |      15 |  71.4
    Snake:4 |   23267 |   55781 |  70.6 |      45 |      91 |  66.9
    Slime:1 |    8524 |       0 |   0.0 |      25 |       0 |   0.0
    Slime:2 |    3578 |       0 |   0.0 |      11 |       0 |   0.0
    Slime:3 |    3273 |       0 |   0.0 |       4 |       0 |   0.0
    Slime:4 |    7157 |       0 |   0.0 |      15 |       0 |   0.0
    Slime:5 |    7243 |   29212 |  80.1 |      17 |      13 |  43.3
      Orc:1 |    4956 |       0 |   0.0 |      53 |       0 |   0.0
      Orc:2 |    3350 |   23247 |  87.4 |      29 |      41 |  58.6
      Elf:1 |   22209 |   14992 |  40.3 |      34 |      21 |  38.2
      Elf:2 |    9332 |    1601 |  14.6 |      16 |       4 |  20.0
      Elf:3 |    5227 |   37904 |  87.9 |       9 |      27 |  75.0
   Vaults:1 |   19780 |    7254 |  26.8 |      33 |      12 |  26.7
   Vaults:2 |    3972 |    7639 |  65.8 |      12 |      20 |  62.5
   Vaults:3 |   11807 |    3538 |  23.1 |      17 |       4 |  19.0
   Vaults:4 |   57418 |   31515 |  35.4 |     101 |      31 |  23.5
   Vaults:5 |   19325 |  146162 |  88.3 |      19 |      82 |  81.2
    Crypt:1 |   32561 |       0 |   0.0 |      47 |       0 |   0.0
    Crypt:2 |   16518 |       0 |   0.0 |      29 |       0 |   0.0
    Crypt:3 |   37000 |   41001 |  52.6 |      48 |      28 |  36.8
     Tomb:1 |    8479 |  102272 |  92.3 |      13 |      41 |  75.9
     Tomb:2 |       0 |    1679 | 100.0 |       0 |       2 | 100.0
   Depths:1 |   20022 |    5004 |  20.0 |      24 |       2 |   7.7
   Depths:2 |   44924 |   28216 |  38.6 |      58 |      15 |  20.5
   Depths:3 |   77254 |  109221 |  58.6 |      85 |      68 |  44.4
   Depths:4 |   48900 |   34810 |  41.6 |      67 |      19 |  22.1
   Depths:5 |   23872 |   41904 |  63.7 |      28 |      22 |  44.0
      Zot:1 |   31333 |   61280 |  66.2 |      13 |      31 |  70.5
      Zot:2 |   51490 |   28531 |  35.7 |      32 |      17 |  34.7
      Zot:3 |   19470 |   19931 |  50.6 |       9 |      13 |  59.1
      Zot:4 |   30934 |       0 |   0.0 |      17 |       0 |   0.0
      Zot:5 |   42229 |  147921 |  77.8 |      33 |      40 |  54.8
    Abyss:1 |    1874 |       0 |   0.0 |       2 |       0 |   0.0
    Abyss:2 |   15525 |     248 |   1.6 |      32 |       1 |   3.0
    Abyss:3 |   30919 |   19391 |  38.5 |     102 |      21 |  17.1
        Pan |   67356 |   38979 |  36.7 |      80 |      24 |  23.1
      IceCv |       0 |    3391 | 100.0 |       0 |      21 | 100.0
            +---------+---------+-------+---------+---------+-------
